 Dungeon Crawl Stone Soup version 0.30-a0-737-gf23d94013f (webtiles) character file.

Game seed: 10494716569325966481

5516 Strat the Carver (level 10, -1/66 HPs)
             Began as a Tengu Reaver on Feb 2, 2023.
             Was a Priest of Dithmenos.
             Slain by a large slime creature (7 damage)
             ... on level 8 of the Dungeon.
             The game lasted 00:26:20 (9238 turns).

Strat the Carver (Tengu Reaver)                     Turns: 9238, Time: 00:26:20

Health: -1/66      AC: 10    Str: 22    XL:     10   Next: 70%
Magic:  13/14      EV: 18    Int: 13    God:    Dithmenos [***...]
Gold:   472        SH:  0    Dex: 15    Spells: 6/13 levels left

rFire   . . .      SeeInvis .    b - +0 scimitar
rCold   + . .      Faith    .    (no shield)
rNeg    . . .      Spirit   .    h - +3 leather armour {rC+}
rPois   .          Reflect  .    (helmet restricted)
rElec   .          Harm     .    u - +2 cloak
rCorr   +          Rampage  .    q - +0 pair of gloves
Will    +....                    (boots unavailable)
Stlth   +                        l - amulet of the acrobat
HPRegen 0.31/turn                n - ring of resist corrosion
MPRegen 0.14/turn                p - ring of Wuckoasm {Will+ Str+7}

@: flying quickly and evasively, very slightly contaminated, wreathed by umbra,
quick
A: beak, talons 3, nimble flight
a: Renounce Religion, Shadow Step


You were on level 8 of the Dungeon.
You worshipped Dithmenos.
Dithmenos was most pleased with you.
You visited 2 branches of the dungeon, and saw 9 of its levels.
You also visited: Ossuary.

You collected 472 gold pieces.

Inventory:

Hand Weapons
 a - a +0 falchion
 b - a +0 scimitar (weapon)
Missiles
 m - 6 poisoned darts
Armour
 h - a +3 leather armour of cold resistance (worn)
 i - +0 steam dragon scales
 q - a +0 pair of gloves (worn)
 u - a +2 cloak (worn)
Jewellery
 f - a ring of wizardry
 g - a +5 ring of evasion
 l - an amulet of the acrobat (around neck)
 n - a ring of resist corrosion (left hand)
 p - the ring of Wuckoasm (right hand) {Will+ Str+7}
   (You took it off a kobold on level 3 of the Dungeon)

   [ring of willpower]

   Str:       It affects your strength (+7).
   Will:      It increases your willpower.
Wands
 k - a wand of charming (7)
 o - a wand of flame (4)
 r - a wand of polymorph (3)
Scrolls
 c - 4 scrolls of teleportation
 w - a scroll of poison
Potions
 d - 5 potions of curing
 e - a potion of brilliance
 j - 3 potions of heal wounds
 s - 2 potions of mutation
 t - 3 potions of resistance
 v - 3 potions of haste
 x - a potion of berserk rage
 z - a potion of might
 A - a potion of ambrosia
 B - a potion of experience {unknown}


   Skills:
 + Level 9.0 Fighting
 * Level 12.5 Long Blades
 - Level 3.0 Armour
 - Level 7.0 Dodging
 - Level 2.0 Spellcasting
 - Level 4.0 Conjurations


You had 6 spell levels left.
You knew the following spells:

 Your Spells              Type           Power      Damage    Failure   Level
a - Kiss of Death         Conj/Necr      24%        2d7       13%         1
b - Momentum Strike       Conj/Tloc      12%        3d8       19%         2
c - Hailstorm             Conj/Ice       6%         3d4       36%         3
d - Apportation           Tloc           2%         N/A       28%         1

Your spell library contained the following spells:

 Spells                   Type           Power      Damage    Failure   Level
 Freeze                   Ice            4%         1d3       28%         1
 Necrotise                Necr           4%         1d4       28%         1
 Summon Small Mammal      Summ           4%         N/A       28%         1
 Frozen Ramparts          Ice            2%         1d1       65%         3


Dungeon Overview and Level Annotations

Branches:
Dungeon (8/15)             Temple (1/1) D:4         Ossuary (visited)
   Lair: D:8-11

Altars:
Ashenzari
Cheibriados
Dithmenos
Elyvilon
Fedhas
Gozag
Hepliaklqana
Kikubaaqudgha
Nemelex Xobeh
Okawaru
Qazlal
Ru
Sif Muna
Trog
Uskayaw
Wu Jian
Xom
Zin
The Shining One

Shops:
D:2 *   D:8 :


Innate Abilities, Weirdness & Mutations

You have a beak for a mouth.
You have claws for feet.
Your magical nature lets you fly swiftly and evasively.


Message History

You see here a +0 whip.
You hit the orc.
You kill the orc!
Dithmenos accepts your kill.
The large slime creature barely misses you.
Things that are here:
a +0 dagger; 10 gold pieces
Casting: Momentum Strike (safe; 19% risk of failure)
Confirm with . or Enter, or press ? or * to list all spells.
Aiming: Momentum Strike (safe; 19% risk of failure)
Press: ? - help, Dir - move target, f - large slime creature
Aim: a large slime creature (umbra, 93% to hit)
You miscast Momentum Strike.
You are very lightly contaminated with residual magic.
Nothing appears to happen.
A large slime creature splits.
You see here a +0 whip.
You slash the slime creature! Your peck misses the slime creature.
The slime creature is moderately wounded.
Two slime creatures merge to form a large slime creature.
You slash the large slime creature! You peck the large slime creature.
The large slime creature is lightly wounded.
You barely miss the large slime creature.
You claw the large slime creature! You peck the large slime creature.
The large slime creature is moderately wounded.
You slash the large slime creature! You claw the large slime creature!
You peck the large slime creature.
The large slime creature is heavily wounded.
The large slime creature hits you!!!
Ouch! That really hurt!
* * * LOW HITPOINT WARNING * * *
You emit a cloud of dark smoke.
You hit the large slime creature but do no damage.
The large slime creature is heavily wounded.
The large slime creature hits you!!
* * * LOW HITPOINT WARNING * * *
You slash the large slime creature! You peck the large slime creature.
Your punch misses the large slime creature.
The large slime creature is heavily wounded.
The large slime creature hits you!
You die...

....### #..#####.##..............
......# #...........#.#...?....##
.#....# #...####.##............##
.#....# #...#..................##
.#....# #...........#.###......##
.#>...####..#..##..............##
##......[......#.§#.>###..?....##
######..#...).##§§........#.####
#.......)J@§§.#.#......####
##.###...###§§...#......##..
#........# #######.....###.#
#..#####.# ####### #.# #..# ###
#..... ######.# #..# ......#
#....o.# #..# .# .....# #......#
#####.J#####.# ....## #......#
#....J.#.....# #...# #......#


You could see a large slime creature.

Vanquished Creatures
  Pikel (D:7)
  An ugly thing (D:8)
  Maggie (D:7)
  A troll (D:8)
  A hornet (D:8)
  A slime creature (D:7)
  A wyvern (D:7)
  A steam dragon (D:7)
  Duvessa (D:7)
  An orc warrior (D:7)
  4 ice beasts
  2 black bears
  An ogre (D:5)
  5 centaurs
  4 lemures
  A phantom (D:5)
  4 bullfrogs
  3 scorpions
  2 necrophages
  A gnoll sergeant (D:6)
  Dowan (D:7)
  4 wights (D:7)
  A howler monkey (D:8)
  An electric eel (D:7)
  2 human zombies (Ossuary)
  3 hounds
  8 jellies (D:7)
  A gnoll bouda (D:7)
  An orc priest (D:4)
  Jessica (D:3)
  4 iguanas
  7 orc wizards
  5 mummies
  18 gnolls
  7 adders
  A shadow imp (D:6)
  2 white imps
  3 ufetubi
  An adder zombie (Ossuary)
  4 worms
  2 dart slugs (D:1)
  38 orcs
  8 bats
  22 endoplasms
  2 gnoll zombies (Ossuary)
  11 goblins
  5 hobgoblins
  4 jackals
  2 quokkas (D:1)
  10 ball pythons
  A goblin zombie (Ossuary)
  A hobgoblin zombie (Ossuary)
  2 jackal zombies (Ossuary)
  14 kobolds
  A kobold zombie (Ossuary)
  5 rats
  2 rat zombies (Ossuary)
242 creatures vanquished.

Vanquished Creatures (others)
  An orc (D:7)
  6 fungi
  29 plants
36 creatures vanquished.

Grand Total: 278 creatures vanquished

Notes
Turn   | Place    | Note
-------+----------+-------------------------------------------
     0 | D:1      | Strat the Tengu Reaver began the quest for the Orb.
     0 | D:1      | Reached XP level 1. HP: 12/12 MP: 4/4
    79 | D:1      | Reached XP level 2. HP: 12/17 MP: 6/6
   104 | D:1      | Learned a level 2 spell: Momentum Strike
   320 | D:1      | Reached skill level 4 in Long Blades
   545 | D:1      | Reached XP level 3. HP: 22/22 MP: 1/7
   673 | D:1      | Learned a level 3 spell: Hailstorm
  1240 | D:2      | Reached XP level 4. HP: 27/27 MP: 8/8
  1303 | D:2      | Found a faded altar of an unknown god.
  1434 | D:2      | Found Mopleun's Assorted Antiques.
  1580 | D:2      | Reached skill level 5 in Long Blades
  1745 | D:3      | Learned a level 1 spell: Apportation
  1914 | D:3      | Gained mutation: Your magical nature lets you fly swiftly
                  | and evasively. [Tengu growth]
  1914 | D:3      | Reached XP level 5. HP: 32/32 MP: 7/9
  1938 | D:3      | Identified the +8 spear "Jatua" {flame, Dex+2}
  2191 | D:3      | Identified the ring of Wuckoasm {Will+ Str+7}
  2294 | D:3      | Found an ancient bone altar of Kikubaaqudgha.
  2306 | D:3      | Noticed Jessica
  2376 | D:3      | Killed Jessica
  2377 | D:3      | Reached skill level 6 in Long Blades
  2377 | D:3      | Reached XP level 6. HP: 38/38 MP: 7/10
  2870 | D:4      | Found a sand-covered staircase.
  2893 | Ossuary  | Entered an ossuary
  3036 | Ossuary  | Reached skill level 5 in Fighting
  3278 | D:4      | Found a staircase to the Ecumenical Temple.
  3458 | D:4      | Reached XP level 7. HP: 40/44 MP: 11/11
  3860 | D:4      | Reached skill level 1 in Armour
  3880 | D:4      | Found a sacrificial altar of Ru.
  3948 | Temple   | Entered the Ecumenical Temple
  4021 | Temple   | Became a worshipper of Dithmenos the Shadowed
  4104 | D:4      | Found a shimmering altar of Xom.
  4369 | D:5      | Entered Level 5 of the Dungeon
  4494 | D:5      | Reached skill level 7 in Long Blades
  4778 | D:5      | Reached XP level 8. HP: 45/51 MP: 9/12
  5180 | D:5      | Reached skill level 8 in Long Blades
  5218 | D:5      | Found an ornate altar of the Wu Jian Council.
  5822 | D:6      | Reached * piety under Dithmenos
  6203 | D:6      | Reached skill level 9 in Long Blades
  6360 | D:6      | Reached XP level 9. HP: 52/57 MP: 10/13
  6686 | D:7      | Noticed Dowan
  6686 | D:7      | Noticed Pikel
  6846 | D:7      | Noticed Maggie
  6856 | D:7      | Killed Maggie
  6905 | D:7      | Reached skill level 10 in Long Blades
  6985 | D:7      | Noticed Duvessa
  7024 | D:7      | Killed Duvessa
  7027 | D:7      | Killed Dowan
  7028 | D:7      | Reached skill level 5 in Dodging
  7283 | D:7      | Reached ** piety under Dithmenos
  7620 | D:7      | Found an iron altar of Okawaru.
  7665 | D:7      | Reached skill level 11 in Long Blades
  7670 | D:7      | Killed Pikel
  7671 | D:7      | Reached XP level 10. HP: 46/65 MP: 1/14
  8094 | D:7      | Reached *** piety under Dithmenos
  8238 | D:8      | Found Naowoz's Book Shop.
  8388 | D:8      | Paralysed by a hornet for 3 turns
  8657 | D:8      | Reached skill level 12 in Long Blades
  8752 | D:8      | Noticed a red ugly thing
  8934 | D:8      | Noticed a two-headed ogre
  9133 | D:8      | Killed a red ugly thing
  9238 | D:8      | Slain by a large slime creature

Illustrated notes

Levels and vault maps discovered:
D:1:      saegor_arrival_under_anarchy, layout_rooms
D:2:      layout_loops_ring, serial_shops, shop,
          nicolae_ecumenical_snake_handling
D:3:      layout_basic, mainiacjoe_overflow_chevrons,
          cheibrodos_sewer_entry_bend, uniq_jessica
D:4:      layout_loops_cross, nicolae_ru_the_path_less_chosen, xom_teletrap_fun,
          minmay_temple_entry_ruins, gup_ossuary_entry_pyramid,
          serial_bayou_pond_a, chequers_big_river
D:5:      minmay_spotlight, layout_basic, mainiacjoe_overflow_catwalk
D:6:      layout_gridville
D:7:      lemuel_slime, layout_loops_cross, okawaru_altar_gauntlet_db,
          enter_bailey_5, serial_bayou_pond_b, uniq_maggie, uniq_duvessa,
          uniq_pikel
D:8:      layout_basic, serial_glass, glass_columns_a, glass_columns_a,
          serial_shops, shop, minmay_shattered_shrine
Temple:   nicolae_temple_ecumenical_triangle

Skill      XL: |  1  2  3  4  5  6  7  8  9 10 |
---------------+-------------------------------+-----
Long Blades    | 4 5 6 7 9 11 12 | 12.5
Fighting       | 3 4 5 6 7 8 9 |  9.0
Armour         | 2 3 |  3.0
Dodging        | 3 6 7 |  7.0
Spellcasting   | |  2.0
Conjurations   | |  4.0

Action                     |  1- 3 |  4- 6 |  7- 9 | 10-12 || total
---------------------------+-------+-------+-------+-------++-------
  Melee: Falchion          |    57 |   202 |   196 |       ||   455
         Peck              |     7 |    35 |    61 |    30 ||   133
         Kick              |    16 |    75 |   108 |    36 ||   235
         Punch             |       |     5 |     4 |       ||     9
         Scimitar          |       |       |   101 |    94 ||   195
   Cast: Momentum Strike   |    19 |    22 |    27 |     6 ||    74
         Kiss of Death     |       |       |     2 |     2 ||     4
         Hailstorm         |       |       |     5 |       ||     5
  Evoke: Wand              |       |       |     6 |     2 ||     8
    Use: Potion            |     1 |     1 |     1 |     1 ||     4
         Scroll            |       |     9 |     7 |     4 ||    20
   Stab: Distracted        |       |     1 |       |       ||     1
         Invisible         |       |     3 |     2 |       ||     5
         Sleeping          |       |       |     1 |       ||     1
 Armour: Leather armour    |    25 |    47 |    77 |    14 ||   163
  Dodge: Dodged            |    41 |   183 |   210 |    92 ||   526

Table legend: (Time is in decaauts)
 A = Elapsed time spent in this place.
 B = Non-inter-level travel time spent in this place.
 C = Inter-level travel time spent in this place.
 D = Time resting spent in this place.
 E = Time spent auto-exploring this place.
 F = Levels seen in this place.
 G = Mean time per level.
                   A        B        C        D        E       F      G
               +--------+--------+--------+--------+--------+-----+--------+
         Total |   8687 |   8331 |    356 |   1023 |   4765 |  10 |  868.7 |
       Dungeon |   8300 |   7951 |    349 |    974 |   4685 |   8 | 1037.5 |
        Temple |     71 |     64 |      7 |      0 |      0 |   1 |   71.0 |
       Ossuary |    315 |    315 |      0 |     49 |     79 |   1 |  315.0 |
               +--------+--------+--------+--------+--------+-----+--------+

Top non-repeatable levels by time:
     D:7: 1466 daAuts
     D:6: 1133 daAuts
     D:5: 1084 daAuts
     D:3: 1061 daAuts
     D:4: 1002 daAuts
     D:2: 916 daAuts
     D:1: 827 daAuts
     D:8: 808 daAuts
 Ossuary: 315 daAuts
  Temple: 71 daAuts
